 Dungeon Crawl Stone Soup version 0.22-a0-608-g8a62e23f9f (webtiles) character file.

1 LordofOblivion the Stinger (level 1, 0/15 HPs)
             Began as a Naga Venom Mage on July 9, 2018.
             Slain by a hobgoblin (3 damage)
             ... on level 1 of the Dungeon.
             The game lasted 00:02:18 (389 turns).

LordofOblivion the Stinger (Naga Venom Mage)         Turns: 389, Time: 00:02:18

Health: 0/15       AC:  1    Str: 10    XL:     1   Next: 20%
Magic:  0/3        EV: 10    Int: 15    God:
Gold:   23         SH:  0    Dex: 11    Spells: 3/4 levels left

rFire    . . .     SeeInvis +   (no weapon)
rCold    . . .     Gourm    .   (no shield)
rNeg     . . .     Faith    .   a - +0 robe
rPois    +         Spirit   .   (no helmet)
rElec    .         Reflect  .   (no cloak)
rCorr    .         Harm     .   (no gloves)
MR       .....                  (no barding)
Stlth    ++........             (no amulet)
HPRegen  0.05/turn              (no ring)
MPRegen  0.08/turn              (no ring)

@: very slightly contaminated, very slow
A: large, see invisible, deformed body, poison resistance, slowness 2, slow
metabolism 1, spit poison 1, AC +0
a: Spit Poison


You were on level 1 of the Dungeon.
You were not hungry.

You visited 1 branch of the dungeon, and saw 1 of its levels.

You collected 23 gold pieces.

Inventory:

Missiles
 b - a poisoned needle (quivered)
Armour
 a - a +0 robe (worn)
Comestibles
 c - a ration


   Skills:
 + Level 1.7 Dodging
 + Level 3.0 Stealth
 + Level 2.0 Spellcasting
 + Level 1.0 Conjurations
 + Level 4.0 Poison Magic


You had 3 spell levels left.
You knew the following spells:

 Your Spells              Type           Power        Failure   Level  Hunger
a - Sting                 Conj/Pois      #...         8%          1    #......

Your spell library contained the following spells:

 Spells                   Type           Power        Failure   Level  Hunger
 Mephitic Cloud           Conj/Pois/Air  #.......     32%         3    ###....
 Venom Bolt               Conj/Pois      #.........   91%         5    ######.
 Olgreb's Toxic Radiance  Pois           ##......     38%         4    #####..
 Poisonous Vapours        Pois/Air       #.....       14%         2    ###....


Dungeon Overview and Level Annotations

Branches:
Dungeon (1/15)

Altars:


Innate Abilities, Weirdness & Mutations

You cannot wear boots.
Your serpentine skin is tough. (AC +0)
You have supernaturally acute eyesight. (SInv)
Armour fits poorly on your strangely shaped body.
Your system is resistant to poisons. (rPois)
You cover ground very slowly.
You have a slow metabolism.
You can spit poison.


Message History

You hit the hobgoblin but do no damage.
The hobgoblin is almost dead.
The hobgoblin hits you.
You hit the hobgoblin but do no damage.
The hobgoblin is almost dead.
The hobgoblin hits you.
You closely miss the hobgoblin.
The hobgoblin is almost dead.
The hobgoblin completely misses you.
Casting: Sting (safe; 8% risk of failure)
Confirm with . or Enter, or press ? or * to list all spells.
Aiming: Sting (safe; 8% risk of failure)
Press: ? - help, Shift-Dir - straight line, f/p - hobgoblin
Aim: a hobgoblin (severely wounded)
The sting hits the hobgoblin.
The hobgoblin appears unharmed.
The hobgoblin is severely wounded.
The hobgoblin hits you.
* * * LOW HITPOINT WARNING * * *
The hobgoblin hits you.
You die...

#.. #..### #.. #.#..
#.. #####.#.. #(.
......#.. ..
#####.#.. #. #.##'
###(### #.... #...g.#
##### #####
#.###@#####...#######
#...............#
##.#####.#.#####.#
........###...##.##
######....#.........
#.........##.##
####...#####... #...#
#### #...#


You could see a hobgoblin.

Vanquished Creatures
  A bat (D:1)
1 creature vanquished.

Notes
Turn   | Place    | Note
-------+----------+-------------------------------------------
     0 | D:1      | LordofOblivion the Naga Venom Mage began the quest for the Orb.
     0 | D:1      | Reached XP level 1. HP: 15/15 MP: 3/3
   389 | D:1      | Slain by a hobgoblin

Vault maps used:
D:1:      dpeg_arrival_windows_large_door, corexii_corridor_pit, minivault_11,
          minmay_distorted

Action                   || total
-------------------------++-------
Melee: Unarmed           ||    10
 Cast: Sting             ||     8
Armor: Robe              ||    13
Dodge: Dodged            ||    21

Table legend:
 A = Spawn XP
 B = Non-spawn XP
 C = Spawn XP percentage of total XP
 D = Spawn monster count
 E = Non-spawn monster count
 F = Spawn count percentage of total count
 G = Total turns spent on level
                    A         B        C        D         E        F      G
               +---------+---------+-------+---------+---------+-------+---------
         Total |       0 |       2 |   0.0 |       0 |       1 |   0.0 |   389
               +---------+---------+-------+---------+---------+-------+---------
           D:1 |       0 |       2 |   0.0 |       0 |       1 |   0.0 |   389
               +---------+---------+-------+---------+---------+-------+---------
